Map: [ESL] Gresvan

Players

Spirit - Winner!

  • Race: Terran Terran

Creator

  • Race: Protoss Protoss

Event: IEM Katowice 2023

VOD

Have the link to the VOD?

Description

Time

  • Played on: Feb. 9, 2023, 8:34 a.m.
  • Length: 24:19

All games in this series

Show
View Real Time Build Order
Export as new Build Order

Spirit Terran - Winner!

Build Orders:  

Get SALT Encoding   

  12  0:00  SCV  
  13  0:12  SCV  
  14  0:17  Supply Depot  
  14  0:24  SCV  
  15  0:38  SCV  
  15  0:39  Barracks  
  16  0:47  Refinery  
  16  0:50  SCV  
  17  1:03  SCV  
  18  1:04  Engineering Bay  
  18  1:15  SCV  
  19  1:27  Marine, Orbital Command  
  20  1:46  Barracks Reactor  
  20  1:53  SCV  
  21  1:57  Supply Depot  
  21  2:05  SCV  
  22  2:10  Command Center  
  22  2:18  Factory  
  22  2:24  Marine, Bunker  
  22  2:25  Marine  
  22  2:28  SCV  
  25  2:40  SCV  
  26  2:52  SCV  
  27  3:01  Command Center  
  27  3:03  Factory Tech Lab  
  27  3:04  SCV  
  30  3:16  SCV  
  29  3:22  Orbital Command, Cyclone  
  32  3:28  Marine x2  
  32  3:29  SCV  
  35  3:41  SCV, Supply Depot  
  36  3:46  Marine x2  
  38  3:48  SCV  
  38  3:52  Barracks  
  38  3:53  SCV  
  40  3:57  Siege Tank  
  40  4:01  SCV  
  44  4:04  Marine  
  44  4:05  SCV  
  45  4:13  Orbital Command, SCV  
  46  4:17  SCV  
  46  4:18  Engineering Bay  
  46  4:22  Marine x2  
  49  4:25  SCV  
  49  4:29  SCV  
  51  4:33  Refinery  
  51  4:35  Siege Tank  
  51  4:37  SCV  
  55  4:38  Bunker  
  55  4:40  Marine x2  
  55  4:41  SCV  
  58  4:46  Bunker, SCV, Barracks Tech Lab  
  58  4:50  SCV  
  59  4:57  Marine, Supply Depot  
  59  4:58  Marine, SCV, Supply Depot  
  61  5:00  Refinery  
  61  5:02  Refinery  
  61  5:03  SCV  
  61  5:06  Stimpack  
  62  5:08  SCV  
  62  5:14  Marauder  
  66  5:15  Marine x2  
  66  5:19  Missile Turret  
  70  5:27  Barracks, SCV  
  68  5:29  Barracks  
  68  5:30  Barracks  
  68  5:33  Marine, SCV  
  68  5:35  Siege Tank, SCV  
  73  5:39  Marine x2  
  73  5:40  SCV  
  77  5:45  SCV  
  77  5:47  Starport  
  78  5:50  SCV  
  78  5:51  Engineering Bay  
  78  5:54  SCV  
  80  5:57  Marine, SCV  
  80  5:58  Marauder  
  80  6:02  SCV  
  83  6:05  Marine  
  83  6:06  SCV  
  83  6:09  SCV  
  80  6:14  SCV  
  80  6:15  Marine  
  80  6:18  Marine  
  82  6:19  Marauder  
  82  6:25  Supply Depot  
  85  6:26  Supply Depot x2  
  85  6:39  Supply Depot  
  85  6:40  Starport Reactor  
  85  6:47  Marine x3, Siege Tank, SCV x2, Supply Depot  
  85  6:48  SCV, Supply Depot  
  85  6:49  Barracks Tech Lab  
  92  6:54  Combat Shield  
  92  6:58  Terran Infantry Weapons Level 1  
  92  6:59  SCV x2  
  92  7:01  SCV  
  95  7:05  Marine x2  
  97  7:09  Terran Infantry Armor Level 1  
  97  7:10  Marine x2  
  97  7:11  SCV  
  97  7:13  Barracks Tech Lab, Refinery  
  101  7:16  Barracks  
  101  7:17  Viking  
  101  7:20  SCV, Supply Depot  
  103  7:22  Marine x2  
  103  7:24  SCV  
  103  7:28  Marine  
  103  7:29  Orbital Command, Marauder  
  109  7:32  SCV  
  109  7:34  Marauder  
  109  7:36  SCV  
  113  7:39  Supply Depot  
  113  7:40  Marine  
  113  7:41  Marauder  
  116  7:45  SCV  
  116  7:46  Marine, Medivac  
  116  7:48  SCV  
  116  7:49  Marine, Medivac  
  124  7:54  SCV, Supply Depot  
  124  7:55  Supply Depot  
  124  7:56  Marauder  
  124  7:57  SCV  
  128  7:58  Marine  
  128  8:00  SCV  
  128  8:02  Marauder  
  128  8:04  Barracks Reactor  
  128  8:05  Marine  
  133  8:06  SCV  
  133  8:08  Marauder  
  133  8:09  SCV  
  133  8:11  Bunker  
  133  8:12  SCV  
  138  8:14  Siege Tank  
  138  8:16  Marine  
  138  8:17  Supply Depot  
  138  8:19  Supply Depot  
  144  8:20  SCV  
  144  8:23  Marine  
  144  8:24  Refinery  
  144  8:26  Medivac  
  146  8:28  Marauder  
  146  8:29  Marine  
  146  8:31  Refinery  
  146  8:34  Marine  
  149  8:36  SCV  
  149  8:38  Command Center  
  150  8:42  Armory  
  150  8:44  Ghost Academy  
  150  8:48  Supply Depot  
  149  8:50  Missile Turret  
  149  8:54  Supply Depot  
  149  8:56  SCV, Supply Depot  
  149  9:00  Medivac x2  
  162  9:14  Ghost x2  
  157  9:20  Ghost  
  157  9:21  Marine  
  159  9:36  Marine  
  159  9:37  Marine  
  161  9:43  Ghost  
  161  9:44  SCV, Marauder  
  165  9:46  Terran Infantry Weapons Level 2, Barracks x2  
  165  9:47  Barracks  
  165  9:51  Marine, Marauder  
  163  9:54  Marine  
  163  9:55  SCV  
  163  9:58  Terran Infantry Armor Level 2  
  157  10:00  Marine x2  
  157  10:03  Command Center  
  157  10:05  Marine  
  157  10:07  SCV x3  
  156  10:09  Marine  
  156  10:12  Marine x2  
  161  10:14  Refinery  
  161  10:15  Sensor Tower  
  161  10:16  Marine, Refinery  
  161  10:17  Sensor Tower  
  161  10:19  SCV x2  
  161  10:20  SCV  
  162  10:26  Concussive Shells  
  162  10:27  Planetary Fortress  
  161  10:30  Marauder x2  
  161  10:31  SCV  
  161  10:32  Medivac  
  161  10:34  SCV  
  170  10:37  Marauder  
  170  10:39  Marine, Missile Turret  
  172  10:44  Marine x2  
  172  10:48  Barracks Tech Lab x2  
  174  10:50  Barracks Tech Lab  
  174  10:51  Marauder x2  
  174  10:54  Terran Ship Weapons Level 1  
  178  10:58  Marauder, Fusion Core  
  178  11:02  Marine, Starport  
  181  11:08  Marine x2, Marauder  
  181  11:09  Marine  
  186  11:13  Marauder  
  186  11:17  Marine  
  186  11:18  Marauder  
  191  11:22  Marine  
  190  11:28  Ghost x2, Command Center  
  190  11:29  Marine  
  190  11:30  Liberator, Marauder  
  194  11:36  Liberator  
  197  11:48  Advanced Ballistics  
  197  11:49  Starport Reactor  
  197  11:59  Starport  
  197  12:01  Command Center  
  197  12:02  Command Center  
  197  12:04  Planetary Fortress, Missile Turret  
  197  12:13  Medivac  
  199  12:23  Missile Turret  
  199  12:24  Sensor Tower  
  199  12:27  Marine  
  199  12:29  Marine  
  200  12:34  Marine, Marauder  
  200  12:35  Marine x2  
  200  12:36  Marauder x2  
  199  12:43  Marine  
  198  12:46  Marauder  
  198  12:50  Marine  
  169  12:51  Liberator x4  
  169  12:54  Marine x3, Marauder  
  169  12:55  Marine  
  169  12:57  Marauder  
  179  12:59  Orbital Command  
  179  13:02  Marine  
  179  13:03  Marauder  
  178  13:07  Marine  
  178  13:08  Marine  
  178  13:09  Terran Infantry Weapons Level 3  
  178  13:11  Terran Ship Weapons Level 2  
  178  13:12  Marine x3  
  183  13:13  SCV  
  183  13:14  SCV  
  183  13:15  SCV  
  183  13:19  Liberator  
  189  13:25  Orbital Command, SCV  
  189  13:26  SCV  
  191  13:28  Marine  
  191  13:29  Ghost  
  191  13:32  SCV  
  195  13:34  Liberator  
  195  13:40  Liberator  
  181  13:42  Liberator  
  181  13:48  Marine, Liberator  
  182  13:55  Ghost x2  
  188  14:00  Ghost  
  188  14:02  Liberator  
  192  14:17  Liberator, Starport  
  192  14:20  Command Center  
  192  14:22  Medivac  
  197  14:25  Medivac  
  197  14:26  Command Center, Terran Infantry Armor Level 3  
  197  14:29  Refinery  
  197  14:30  Refinery  
  199  14:32  Command Center  
  199  14:35  Medivac  
  196  14:45  Medivac  
  195  14:51  Marine  
  196  14:52  Medivac  
  196  14:55  Ghost  
  200  15:14  Missile Turret  
  200  15:17  Missile Turret  
  200  15:19  Starport Reactor  
  197  15:22  Liberator  
  197  15:27  Ghost  
  197  15:28  Personal Cloaking  
  195  15:30  Terran Vehicle And Ship Armor Level 1  
  195  15:32  Medivac  
  197  15:35  Missile Turret  
  188  16:03  Ghost x6  
  182  16:05  Marine x3  
  182  16:06  Liberator  
  182  16:07  Marine, Liberator  
  192  16:12  Liberator  
  192  16:17  Missile Turret  
  195  16:21  Liberator x4  
  188  16:27  Marine  
  188  16:31  Ghost  
  188  16:32  Orbital Command, Marauder  
  185  16:38  Marine x7  
  190  16:45  Marine  
  187  16:53  Marine  
  187  16:54  Nuke  
  194  16:56  Marine x4  
  194  17:03  Marine  
  194  17:04  Marine x2  
  194  17:08  Marine x2  
  184  17:11  Marine  
  184  17:13  Marine, Viking x7  
  184  17:14  Marine x3  
  189  17:20  Marine  
  189  17:22  Marine x2  
  191  17:25  Marine  
  191  17:26  Marine  
  191  17:29  Marine  
  195  17:31  Marine x3  
  195  17:32  Missile Turret  
  195  17:33  Sensor Tower  
  193  17:43  Viking x5  
  199  17:51  Ghost  
  199  17:56  Marine  
  197  18:01  Liberator  
  197  18:05  Liberator  
  199  18:32  Missile Turret  
  199  18:38  Planetary Fortress  
  199  18:39  Terran Vehicle And Ship Armor Level 2  
  199  18:40  Sensor Tower, Missile Turret  
  199  18:53  Ghost  
  199  18:54  Sensor Tower  
  199  18:55  Missile Turret  
  195  18:56  Smart Servos  
  192  19:05  Marine x9  
  171  19:22  Marine  
  171  19:23  Marine x8  
  171  19:24  Marauder  
  190  19:28  Refinery  
  190  19:40  Marine  
  190  19:41  Marine x6, Marauder  
  190  19:42  Marauder  
  190  19:44  Marine  
  197  19:57  Marine  
  197  19:59  Marine x2  
  200  20:00  Medivac x2  
  200  20:01  Medivac x3  
  200  20:02  Medivac, Liberator  
  200  20:04  Ghost  
  193  20:16  Ghost x2  
  193  20:17  Marine  
  196  20:29  Ghost x2  
  195  20:55  Liberator  
  198  21:01  Liberator  
  198  21:03  Nuke  
  198  21:05  Marauder  
  198  21:10  Command Center  
  200  21:12  Command Center  
  200  21:23  Refinery  
  200  21:27  Ghost  
  200  21:29  Liberator  
  200  21:31  Marine  
  181  21:43  Liberator x6  
  195  22:00  Ghost x2  
  193  22:04  Marine, Marauder  
  193  22:07  Marine  
  195  22:11  Marine, Marauder  
  197  22:17  Liberator  
  197  22:19  Ghost  
  194  22:25  Liberator  
  194  22:26  Marine, Liberator x2  
  194  22:27  Marine  
  194  22:28  Marauder  
  198  22:38  Missile Turret  
  198  22:40  Liberator  
  198  22:44  Ghost x2  
  198  22:50  Marauder  
  198  22:51  Marine  
  200  22:58  Sensor Tower  
  200  23:05  Refinery  
  200  23:07  Command Center, Refinery  
  191  23:31  Liberator  
  184  23:43  Ghost  
Show
View Real Time Build Order
Export as new Build Order

Creator Protoss 

Build Orders: Blink Stalkers 

Get SALT Encoding   

  12  0:00  Probe  
  13  0:12  Probe  
  14  0:18  Pylon  
  14  0:24  Probe (Chrono Boost)  
  15  0:36  Probe (Chrono Boost)  
  15  0:38  Gateway  
  16  0:45  Probe (Chrono Boost)  
  16  0:47  Assimilator  
  17  0:51  Probe  
  18  1:03  Probe  
  19  1:15  Probe  
  20  1:26  Cybernetics Core, Zealot  
  20  1:28  Probe  
  20  1:29  Pylon  
  23  1:47  Probe  
  23  1:59  Probe  
  23  2:00  Stalker (Chrono Boost)  
  26  2:11  Probe  
  26  2:14  Assimilator  
  27  2:20  Nexus, Warp Gate  
  27  2:24  Pylon  
  27  2:26  Probe  
  28  2:31  Adept  
  30  2:39  Probe (Chrono Boost)  
  31  2:50  Probe (Chrono Boost)  
  32  2:54  Twilight Council  
  32  2:56  Probe (Chrono Boost)  
  33  3:05  Probe (Chrono Boost)  
  34  3:17  Probe (Chrono Boost)  
  35  3:25  Probe (Chrono Boost)  
  35  3:26  Gateway, Blink (Chrono Boost)  
  36  3:32  Probe (Chrono Boost)  
  38  3:37  Probe (Chrono Boost)  
  39  3:42  Probe (Chrono Boost), Robotics Facility  
  39  3:45  Probe (Chrono Boost)  
  39  3:46  Probe (Chrono Boost)  
  40  3:52  Gateway  
  41  3:55  Probe  
  41  3:58  Gateway, Probe  
  43  4:09  Probe  
  44  4:10  Probe, Stalker  
  45  4:19  Pylon  
  45  4:20  Shield Battery, Stalker  
  45  4:21  Probe  
  45  4:22  Assimilator  
  45  4:24  Probe  
  49  4:29  Observer  
  50  4:33  Stalker  
  50  4:34  Pylon  
  54  4:47  Stalker  
  54  4:50  Warp Prism  
  54  4:51  Stalker  
  58  4:53  Stalker  
  58  4:54  Probe  
  58  4:59  Stalker  
  63  5:03  Probe  
  63  5:04  Pylon  
  63  5:06  Assimilator  
  64  5:12  Stalker  
  66  5:14  Stalker  
  66  5:17  Stalker  
  70  5:22  Probe  
  70  5:23  Pylon  
  70  5:24  Stalker  
  73  5:33  Observer  
  73  5:48  Stalker x4  
  81  5:50  Pylon  
  78  6:11  Adept x4  
  84  6:20  Probe x2  
  84  6:22  Templar Archives  
  84  6:34  Probe  
  84  6:35  Probe  
  84  6:36  Nexus  
  84  6:39  Pylon, Stalker x3  
  92  6:47  Probe x2  
  94  6:56  Psionic Storm  
  94  6:59  Probe x2  
  96  7:07  High Templar x2  
  100  7:11  Probe (Chrono Boost)  
  100  7:12  Probe (Chrono Boost)  
  102  7:17  Pylon  
  102  7:18  Pylon  
  102  7:19  Shield Battery  
  102  7:20  Pylon  
  102  7:32  Charge  
  102  7:33  Immortal (Chrono Boost)  
  102  7:35  Probe x2  
  102  7:36  Gateway  
  108  7:38  Gateway  
  108  7:42  High Templar  
  110  7:49  Probe (Chrono Boost)  
  110  7:51  Probe x2 (Chrono Boost)  
  111  7:54  Pylon  
  111  7:57  Zealot x2  
  116  8:00  Probe (Chrono Boost)  
  116  8:01  Pylon  
  116  8:02  Probe x2 (Chrono Boost)  
  116  8:04  Probe (Chrono Boost), Observer  
  118  8:06  Zealot  
  118  8:11  Probe x2  
  124  8:16  Probe  
  125  8:21  High Templar  
  125  8:22  High Templar, Zealot  
  125  8:23  Probe x2  
  125  8:24  Assimilator  
  125  8:25  Forge  
  125  8:26  Assimilator  
  131  8:35  Probe  
  131  8:36  Nexus  
  131  8:37  Probe x2  
  131  8:40  Archon, Pylon, Zealot x2, Sentry  
  140  8:42  Observer (Chrono Boost)  
  140  8:47  Zealot  
  143  8:49  Gateway  
  143  8:51  Protoss Ground Weapons Level 1 (Chrono Boost), Gateway  
  143  8:54  Zealot x2  
  147  9:03  Robotics Facility, Robotics Bay  
  147  9:11  Zealot, Stalker  
  147  9:12  Probe  
  147  9:13  Probe x2  
  147  9:14  Observer  
  155  9:20  Shield Battery  
  155  9:22  Photon Cannon  
  155  9:25  Stalker  
  155  9:27  Stalker  
  159  9:34  Zealot x2  
  159  9:35  Zealot  
  165  9:41  Pylon  
  165  9:43  Pylon  
  163  9:51  Zealot x2  
  163  9:52  Zealot, Stalker  
  169  9:53  Zealot  
  169  9:56  Disruptor x2 (Chrono Boost)  
  176  10:04  Forge  
  176  10:05  Dark Shrine  
  174  10:11  High Templar  
  176  10:14  Probe x2  
  176  10:15  Probe x2  
  180  10:24  Disruptor (Chrono Boost)  
  180  10:25  Disruptor (Chrono Boost)  
  180  10:26  Probe  
  180  10:27  Protoss Ground Weapons Level 2 (Chrono Boost)  
  183  10:34  Sentry, Nexus, Protoss Ground Armor Level 1 (Chrono Boost)  
  185  10:36  Pylon  
  185  10:37  Pylon  
  185  10:38  Assimilator  
  185  10:47  Probe  
  186  10:50  Assimilator  
  186  10:53  Immortal  
  186  10:54  Disruptor  
  193  10:59  Pylon, Gateway  
  193  11:00  Photon Cannon  
  193  11:01  Shield Battery, Gateway  
  193  11:07  High Templar, Photon Cannon  
  193  11:08  Shield Battery  
  194  11:15  Stalker x2  
  195  11:18  Dark Templar  
  195  11:19  Observer  
  197  11:26  Pylon  
  197  11:32  Sentry  
  195  11:36  Stalker x2  
  195  11:38  Nexus  
  198  11:42  Shadow Stride (Chrono Boost), Dark Templar  
  200  11:54  Photon Cannon  
  200  11:56  Photon Cannon  
  200  11:57  Shield Battery  
  200  11:59  Gateway  
  200  12:00  Shield Battery, Gateway  
  198  12:02  Photon Cannon  
  198  12:05  Gateway  
  198  12:07  Stargate  
  198  12:14  Photon Cannon  
  198  12:23  Nexus  
  198  12:26  Pylon  
  168  12:40  Dark Templar, Stalker x2  
  168  12:41  Zealot x3, Dark Templar  
  168  12:44  Protoss Ground Armor Level 2 (Chrono Boost), Protoss Ground Weapons Level 3 (Chrono Boost), Dark Templar, Stalker x2  
  170  13:14  Probe x3  
  170  13:18  High Templar, Photon Cannon  
  175  13:20  Photon Cannon  
  175  13:21  Photon Cannon  
  175  13:22  Shield Battery  
  175  13:23  Shield Battery, Phoenix (Chrono Boost), Protoss Air Weapons Level 1 (Chrono Boost)  
  175  13:26  Fleet Beacon  
  174  13:27  Stargate  
  174  13:29  Stargate  
  174  13:32  Stalker x2  
  168  13:52  Gravitic Drive  
  171  13:56  Oracle (Chrono Boost)  
  171  13:57  Assimilator  
  171  13:58  Assimilator  
  171  14:02  Observer  
  171  14:05  Dark Templar x6  
  171  14:07  Probe  
  171  14:08  Probe  
  185  14:14  Observer  
  185  14:16  Probe  
  190  14:17  Probe  
  190  14:21  Probe x3  
  200  14:59  Tempest (Chrono Boost)  
  187  15:00  Tempest (Chrono Boost)  
  191  15:07  Stalker x3  
  191  15:09  Tempest (Chrono Boost)  
  197  15:15  Protoss Air Armor Level 1  
  197  15:17  Assimilator  
  197  15:19  Assimilator  
  192  15:27  Stalker  
  192  15:28  Stalker  
  187  15:29  Probe x2  
  187  15:30  Probe x3  
  187  15:35  Probe, Oracle  
  196  15:38  Dark Templar x2  
  196  15:40  Protoss Ground Armor Level 3 (Chrono Boost)  
  197  15:50  Protoss Shields Level 1 (Chrono Boost)  
  182  16:07  Tempest  
  182  16:10  Zealot x3, Dark Templar x2  
  182  16:11  Zealot x3  
  172  16:25  Disruptor  
  172  16:26  Disruptor  
  172  16:31  Stalker x3  
  172  16:32  Dark Templar x2  
  188  16:35  Zealot  
  190  16:44  Zealot x2, Stalker  
  190  16:45  Zealot x2  
  190  16:46  Archon  
  197  16:48  Stalker  
  196  17:05  Observer  
  180  17:13  Disruptor x2  
  180  17:14  Tempest  
  167  17:17  Probe x5  
  167  17:18  Probe  
  167  17:20  Stalker x3  
  167  17:22  Zealot x5  
  189  17:27  Zealot x4  
  189  17:29  Probe x2  
  200  17:30  Probe  
  197  18:03  Observer  
  183  18:06  Dark Templar  
  183  18:07  Dark Templar x2  
  189  18:14  Dark Templar x3  
  189  18:16  Probe  
  196  18:22  Gateway, Nexus  
  196  18:23  Pylon  
  196  18:24  Observer  
  197  18:40  Dark Templar  
  199  18:45  Nexus  
  197  18:55  Dark Templar x3  
  192  18:58  Dark Templar x3  
  198  19:08  Stalker x5  
  198  19:09  Stalker  
  188  19:12  Stalker  
  177  19:19  Tempest  
  177  19:20  Unknown, Void Ray  
  170  19:26  Stalker  
  170  19:27  Zealot  
  169  19:39  Disruptor (Chrono Boost)  
  169  19:43  Observer (Chrono Boost)  
  171  19:50  Probe x2  
  171  19:51  Probe  
  174  19:54  Stalker  
  174  20:05  High Templar x2  
  177  20:09  Probe (Chrono Boost)  
  177  20:13  Observer  
  178  20:19  Probe (Chrono Boost)  
  179  20:24  Probe (Chrono Boost)  
  168  20:30  Probe  
  168  20:31  High Templar, Probe x4  
  168  20:33  Sentry, Stalker  
  168  20:35  Disruptor (Chrono Boost)  
  181  20:36  Probe  
  180  20:43  Probe x5  
  180  20:45  Disruptor (Chrono Boost)  
  180  20:47  Probe  
  180  20:48  Probe  
  186  20:55  Probe x3  
  189  20:58  Probe  
  189  21:09  Immortal (Chrono Boost)  
  189  21:10  Pylon, Dark Templar x2  
  197  21:12  Assimilator  
  197  21:18  Zealot x2  
  198  21:20  Disruptor (Chrono Boost)  
  198  21:25  Stalker  
  178  21:39  Disruptor (Chrono Boost)  
  172  21:52  Zealot  
  172  21:53  Zealot  
  169  22:04  Stalker x3  
  169  22:05  Zealot x3  
  160  22:27  Cybernetics Core  
  160  22:28  Zealot x3, Dark Templar x2  
  160  22:29  Zealot  
  163  22:35  Zealot x2  
  157  22:42  Warp Prism  
  157  22:43  Colossus (Chrono Boost)  
  163  22:47  Pylon  
  163  22:49  Pylon  
  163  22:51  Pylon  
  163  22:57  Zealot  
  163  22:58  Zealot x2  
  167  23:04  Stalker x2  
  169  23:05  Probe  
  169  23:07  Probe  
  169  23:11  Stalker  
  169  23:24  Zealot x3  
  169  23:26  Observer (Chrono Boost)  
  107  24:10  Zealot x3  

Tags
 
Add a new tag
Caveats
  • Supply blocks, unpowered buildings, or Contaminate may cause inaccurate times.
  • Supply counts are checked every 10 seconds.